 Dungeon Crawl Stone Soup version 0.22-a0-179-gb5258fd (webtiles) character file.

28 b5mith the Skirmisher (level 3, -3/29 HPs)
             Began as a Human Berserker on Feb 13, 2018.
             Was a Follower of Trog.
             Succumbed to a gnoll sergeant's poison
             ... on level 2 of the Dungeon.
             The game lasted 00:04:57 (1344 turns).

b5mith the Skirmisher (Human Berserker)             Turns: 1344, Time: 00:04:57

Health: -3/29      AC:  7    Str: 18    XL:     3   Next: 27%
Magic:  3/3        EV:  8    Int:  7    God:    Trog [*.....]
Gold:   64         SH:  7    Dex: 12    Spells: 2/2 levels left

rFire    . . .     SeeInvis .   a - +0 spear
rCold    . . .     Gourm    .   l - +0 shield
rNeg     . . .     Faith    .   o - +2 ring mail {MR+}
rPois    .         Spirit   .   (no helmet)
rElec    .         Reflect  .   (no cloak)
rCorr    .         Harm     .   (no gloves)
MR       +....                  (no boots)
Stlth    +.........             (no amulet)
HPRegen  0.09/turn              (no ring)
MPRegen  0.08/turn              (no ring)

@: lethally poisoned (-3 -> -48), berserk cooldown, slowed, very slow
A: no striking features
a: Berserk, Burn Spellbooks, Renounce Religion


You were on level 2 of the Dungeon.
You worshipped Trog.
Trog was aware of your devotion.
You were not hungry.

You visited 1 branch of the dungeon, and saw 2 of its levels.

You collected 64 gold pieces.

Inventory:

Hand Weapons
 a - a +0 spear (weapon)
 j - a +6 vampiric dagger
Missiles
 k - 81 stones (quivered)
Armour
 b - a +0 animal skin
 l - a +0 shield (worn)
 n - a +0 leather armour
 o - a +2 ring mail of magic resistance (worn)
Scrolls
 e - a scroll of blinking
 f - a scroll of identify {unknown}
Potions
 d - a potion of heal wounds {unknown}
 g - a potion of curing {unknown}
 h - a potion of flight {unknown}
 i - a potion of agility {unknown}
 m - a potion of invisibility {unknown}
Comestibles
 c - 3 rations
 p - a chunk of flesh


   Skills:
 + Level 3.3 Fighting
 + Level 3.3 Polearms
 + Level 2.4 Armour
 + Level 2.3 Dodging
 + Level 0.0 Stealth
 * Level 0.0 Shields


You had 2 spell levels left.
You didn't know any spells.

Dungeon Overview and Level Annotations

Branches:
Dungeon (2/15)

Altars:


Message History

The gnoll sergeant is moderately wounded.
* * * LOW HITPOINT WARNING * * *
You feel sick.
The gnoll sergeant hits you with a spear of venom!
* * * LOW HITPOINT WARNING * * *
You are more poisoned.
The gnoll barely misses you.
You are too berserk!
* * * LOW HITPOINT WARNING * * *
You feel sick.
The gnoll sergeant hits you from afar with a spear of venom.
* * * LOW HITPOINT WARNING * * *
You are more poisoned.
You feel a strong urge to attack something.
You are no longer berserk.
You are exhausted.
You feel yourself slow down.
* * * LOW HITPOINT WARNING * * *
You feel sick.
You die...

##......#........
#.######........
#.# #..........
#.####.#...(####
#......######
#......# +......#
#......# #.....@#
#......# ##.....#
###....g#
......gg#
#######.g...#
###...# ...# ..#


You could see a gnoll sergeant and 3 gnolls.

Vanquished Creatures
  A dart slug (D:1)
  2 ball pythons
  3 bats
  3 goblins (D:1)
  6 hobgoblins (D:1)
  3 frilled lizards
  3 kobolds (D:1)
  5 rats
26 creatures vanquished.

Notes
Turn   | Place    | Note
-------+----------+-------------------------------------------
     0 | D:1      | b5mith the Human Berserker began the quest for the Orb.
     0 | D:1      | Reached XP level 1. HP: 18/18 MP: 1/1
   124 | D:1      | Reached XP level 2. HP: 11/24 MP: 2/2
   617 | D:1      | Reached XP level 3. HP: 13/29 MP: 3/3
  1331 | D:2      | Noticed a gnoll sergeant
  1344 | D:2      | Succumbed to a gnoll sergeant's poison

Vault maps used:
D:1:      dpeg_arrival_fog, minivault_5
D:2:      nicolae_overflow_hidden_temple

Action                   || total
-------------------------++-------
Melee: Spear             ||   101
Invok: Berserk           ||     1
  Use: Scroll            ||     4
 Stab: Sleeping          ||     2
  Eat: Ration            ||     1
Armor: Animal skin       ||     5
       Ring mail         ||     7
Dodge: Dodged            ||    35
Block: Shield            ||    12

Table legend:
 A = Spawn XP
 B = Non-spawn XP
 C = Spawn XP percentage of total XP
 D = Spawn monster count
 E = Non-spawn monster count
 F = Spawn count percentage of total count
 G = Total turns spent on level
                    A         B        C        D         E        F      G
               +---------+---------+-------+---------+---------+-------+---------
         Total |       0 |      40 |   0.0 |       0 |      26 |   0.0 |  1344
               +---------+---------+-------+---------+---------+-------+---------
           D:1 |       0 |      33 |   0.0 |       0 |      20 |   0.0 |  1211
           D:2 |       0 |       7 |   0.0 |       0 |       6 |   0.0 |   133
               +---------+---------+-------+---------+---------+-------+---------
